 Dungeon Crawl Stone Soup version 0.26-a0-651-gb41185065b (webtiles) character file.

Game seed: 13872661452132078799

180737 Azzok the Severer (level 17, -2/198 HPs)
             Began as a Demonspawn Berserker on Oct 30, 2020.
             Was the Champion of Trog.
             Slain by a nagaraja
             ... wielding a +0 halberd
              (4 damage)
             ... on level 4 of the Snake Pit.
             The game lasted 01:02:13 (35278 turns).

Azzok the Severer (Demonspawn Berserker)           Turns: 35278, Time: 01:02:13

Health: -2/198     AC: 25    Str: 25    XL:     17   Next: 65%
Magic:  17/17      EV:  9    Int:  9    God:    Trog [******]
Gold:   1302       SH: 14    Dex: 12    Spells: 16/16 levels left

rFire    + . .     SeeInvis .   Z - +7 broad axe (elec)
rCold    . . .     Faith    .   J - +0 kite shield
rNeg     . . .     Spirit   .   L - +0 storm dragon scales
rPois    +         Reflect  .   T - +1 hat
rElec    +         Harm     .   V - +0 cloak
rCorr    .         Rampage  .   y - +0 pair of gloves
MR       +++..                  N - +2 pair of boots
Stlth    ..........             R - amulet of Existentialism {Regen+ Stlth+}
HPRegen  1.83/turn              o - ring of poison resistance
MPRegen  0.15/turn              F - ring of Ytzyhileb {+Fly Slay+4}

@: berserking, lethally poisoned (-2 -> -3), regenerating, constricted, very
quick
A: talons 2, yellow scales 2, fire resistance 1, powered by death 2, flame cloud
immunity
a: Berserk, Trog's Hand, Brothers in Arms, Renounce Religion, Evoke Flight


You were on level 4 of the Snake Pit.
You worshipped Trog.
Trog was exalted by your worship.
You visited 4 branches of the dungeon, and saw 27 of its levels.
You visited 1 bazaar.
You also visited: Ice Cave.

You collected 2919 gold pieces.
You spent 1617 gold pieces at shops.

Inventory:

Hand Weapons
 w - the +1 broad axe "Inaanob" {vorpal, Str+2 SInv}
   (Trog gifted it to you on level 14 of the Dungeon)

   It inflicts extra damage upon your enemies.
   It affects your strength (+2).
   It lets you see invisible.
 K - a +2 whip of electrocution
 Z - a +7 broad axe of electrocution (weapon)
Armour
 i - +0 ice dragon scales
 r - a +2 chain mail of cold resistance
 y - a +0 pair of gloves (worn)
 J - a +0 kite shield (worn)
 L - +0 storm dragon scales (worn)
 N - a +2 pair of boots (worn)
 P - +0 acid dragon scales
 T - a +1 hat (worn)
 V - a +0 cloak (worn)
Jewellery
 o - a ring of poison resistance (left hand)
 v - an uncursed ring of protection from fire
 F - the ring of Ytzyhileb (right hand) {+Fly Slay+4}
   (You bought it in a shop on level 1 of the Snake Pit)

   [ring of flight]

   It affects your accuracy and damage with ranged weapons and melee attacks
   (+4).
   It lets you fly.
 H - an uncursed ring of protection from cold
 R - the amulet of Existentialism (around neck) {Regen+ Stlth+}
   (You took it off a deep elf annihilator on level 14 of the Dungeon)

   [amulet of regeneration]

   It increases your rate of regeneration.
   It makes you more stealthy.
 W - the macabre finger necklace {rN+}
   (You found it in an ice cave)

   [amulet of nothing]

   It protects you from negative energy.
Wands
 u - a wand of acid (14)
 A - a wand of flame (45)
 G - a wand of iceblast (24)
 O - a wand of digging (5)
 X - a wand of disintegration (14)
Scrolls
 b - 13 scrolls of teleportation
 d - 12 scrolls of remove curse
 h - a scroll of identify
 k - 5 scrolls of fog
 p - 8 scrolls of fear
 s - 6 scrolls of magic mapping
 t - 8 scrolls of blinking
 C - 7 scrolls of enchant armour
 E - a scroll of summoning
 I - a scroll of immolation
 U - a scroll of brand weapon
Potions
 a - 4 potions of berserk rage
 c - 2 potions of mutation {!q}
 e - 2 potions of invisibility
 f - 8 potions of stabbing
 g - a potion of cancellation
 j - 11 potions of curing
 l - 3 potions of magic
 n - 3 potions of brilliance
 q - 2 potions of might
 x - 4 potions of resistance
 z - 3 potions of haste
 B - 3 potions of heal wounds
 D - 2 potions of flight
 M - 8 potions of ambrosia
 S - 3 potions of lignification
Miscellaneous
 m - a phantom mirror
 Q - a phantom mirror


   Skills:
 + Level 11.6 Fighting
 + Level 18.1 Axes
 + Level 10.4 Armour
 + Level 8.1 Dodging
 - Level 15.0 Shields
 + Level 8.0 Evocations


You had 16 spell levels left.
You didn't know any spells.
Your spell library was empty.

Dungeon Overview and Level Annotations

Branches:
Dungeon (15/15)            Temple (0/1) D:5            Lair (6/6) D:10
 Shoals (0/4) Lair:4        Snake (4/4) Lair:3        Slime (0/5) Lair:5
    Orc (2/2) D:10            Elf (0/3) Orc:2        Vaults (0/5) D:14
 Depths (0/5) D:15          IceCv (visited)

Altars:
Ashenzari
Elyvilon
Fedhas
Gozag
Hepliaklqana
Kikubaaqudgha
Makhleb
Nemelex Xobeh
Qazlal
Ru
Trog
Wu Jian
Xom
Yredelemnul
The Shining One
Jiyva

Shops:
D:5 [   D:6 }   D:8 (   D:9 (   Orc:2 }!(*   Snake:1 =}}

Portals:
Pandemonium: Orc:2
Trove: D:14 (give +6 ice dragon scales)

Annotations:
D:5 Prince Ribbit
Lair:5 3 runed translucent doors, Bodu's ghost, journeyman NaFi
Snake:4 2 transporters, Mukuu's ghost, adept GnIE


Innate Abilities, Weirdness & Mutations

You have razor-sharp toenails.
You are mostly covered in yellow scales. (AC +3)
Your flesh is heat resistant. (rF+)
You regenerate health from kills.
You are immune to clouds of flame.


Message History

The nagaraja constricts you.
You closely miss the nagaraja.
The nagaraja is heavily wounded.
You feel sick.
You hit the nagaraja.
The nagaraja is severely wounded.
You feel sick. The nagaraja spits poison at you. The splash of poison hits you.
You resist.
* * * LOW HITPOINT WARNING * * *
x2 The nagaraja constricts you.
You barely miss the nagaraja.
The nagaraja is severely wounded.
You feel sick.
You barely miss the nagaraja.
The nagaraja is severely wounded.
You feel sick.
The nagaraja hits you with a +0 halberd.
* * * LOW HITPOINT WARNING * * *
You die...

▒··▒·····▒▒▒▒▒············)·····▒
▒·▒▒·······▒··^···)·····)(·(·····
▒· ▒▒··········▒······()))(··()·)
· ▒·······▒▒▒▒······)))((···(··
▒▒·····▒▒▒ ▒······()))▒······
▒·······▒▒▒ ▒····▒))▒▒)▒▒·····
···········▒▒▒)··(▒·(·▒▒·······
▒··············)·▒··)··▒····(··
▒▒▒▒▒▒▒▒▒▒▒▒▒▒@··▒▒···▒▒▒▒▒▒▒▒▒
▒··N)·········▒ ▒·············▒
···············▒
··▒···)▒·····▒··▒
····▒·············▒ ···
▒▒··▒········▒▒ ·· ▒▒····⌠····▒▒


You could see a nagaraja (fast, catching breath).

Vanquished Creatures
  Vashnia (Snake:3)
  2 liches (D:14)
  Rupert (Lair:5)
  2 storm dragons (D:14)
  7 nagarajas
  Aizul (Snake:3)
  An orc warlord (Orc:2)
  Louise (D:15)
  An ironheart preserver (D:14)
  A stone giant (Orc:2)
  Nessos (D:15)
  A deep elf annihilator (D:14)
  3 dire elephants (Lair:6)
  Erolcha (D:9)
  A yaktaur captain (D:14)
  Harold (D:8)
  6 hydras
  2 catoblepae
  18 naga warriors
  2 ice dragons (IceCv)
  8 anacondas
  3 centaur warriors
  A queen ant (Lair:2)
  2 tengu warriors (D:15)
  4 two-headed ogres
  Urug (Lair:5)
  19 naga sharpshooters
  5 orc high priests (Orc:2)
  A sun demon (Orc:2)
  3 shock serpents
  5 sea snakes (Snake:4)
  A gelid demonspawn (Orc:2)
  A glowing orange brain (D:15)
  2 infernal demonspawn (Orc:2)
  3 unseen horrors
  A salamander mystic (Snake:1)
  7 naga ritualists
  A torturous demonspawn (Orc:2)
  A wizard (D:14)
  A necromancer (D:11)
  An orb spider (shapeshifter) (D:15)
  5 ugly things
  6 orc knights
  4 oklob plants
  6 mana vipers
  5 manticores
  8 orc sorcerers (Orc:2)
  A cyclops (D:14)
  8 salamanders
  Joseph (D:9)
  7 guardian serpents
  Maurice (D:9)
  A rust devil (Orc:2)
  23 naga magi
  19 elephants
  2 ice statues (IceCv)
  A torpor snail (Lair:6)
  2 orange demons (Orc:2)
  4 cane toads
  27 black mambas
  Maggie (D:10)
  A gargoyle (D:11)
  7 centaur skeletons
  A freezing wraith (D:14)
  7 komodo dragons
  2 rime drakes (IceCv)
  3 yaktaurs
  A tengu conjurer (D:14)
  6 meliai
  A queen bee (Lair:4)
  Grinder (D:3)
  6 trolls
  7 slime creatures (D:15)
  5 blink frogs (Lair:3)
  A snapping turtle (Lair:4)
  A centaur simulacrum (D:14)
  15 hippogriffs
  A shadow (D:15)
  Sigmund (D:5)
  72 yaks
  4 wyverns
  A ynoxinul (Orc:2)
  3 basilisks
  A chaos spawn (Orc:2)
  3 vampire mosquitoes (D:15)
  3 wargs
  30 nagas
  4 water moccasins
  6 acid dragons
  7 soldier ants
  A floating eye (shapeshifter) (D:15)
  43 orc warriors
  4 porcupines
  20 ice beasts
  A hornet zombie (D:7)
  3 black bears
  A black bear (shapeshifter) (D:15)
  3 necrophages
  3 phantoms
  2 sky beasts
  An eye of draining (D:13)
  3 wolves (Lair:2)
  8 centaurs
  10 ogres
  5 crocodiles
  2 big kobolds
  14 bullfrogs
  A gnoll sergeant (D:12)
  A wyvern skeleton (D:13)
  6 scorpions
  14 killer bees (Lair:4)
  9 wights
  8 electric eels
  4 howler monkeys
  A bullfrog zombie (D:9)
  2 quasits
  12 jellies
  8 hounds
  7 bullfrog skeletons
  20 orc wizards
  36 orc priests
  4 iguanas
  A yak simulacrum (D:11)
  20 worker ants
  4 polar bear simulacra (D:11)
  3 wolf simulacra (D:11)
  A hound zombie (D:8)
  12 gnolls
  13 adders
  2 shadow imps
  2 ufetubi
  11 oozes (Lair:1)
  An adder zombie (D:5)
  An adder skeleton (D:4)
  2 worms (D:3)
  4 dart slugs
  3 leopard geckos
  91 orcs
  8 giant cockroaches
  6 goblins
  9 hobgoblins
  29 jackals
  14 kobolds
  8 quokkas
  A ball python (D:3)
  5 bats
  10 frilled lizards
  A jackal skeleton (D:4)
  A leopard gecko skeleton (D:8)
  A leopard gecko zombie (D:7)
  3 rats
  3 river rat simulacra (D:11)
985 creatures vanquished.

Vanquished Creatures (others)
  A naga sharpshooter (Snake:4)
  29 fungi
  37 plants
67 creatures vanquished.

Grand Total: 1052 creatures vanquished

Notes
Turn   | Place    | Note
-------+----------+-------------------------------------------
     0 | D:1      | Azzok the Demonspawn Berserker began the quest for the Orb.
     0 | D:1      | Reached XP level 1. HP: 18/18 MP: 1/1
   278 | D:1      | Gained mutation: Your flesh is heat resistant. (rF+)
                  | [demonic ancestry]
   278 | D:1      | Reached XP level 2. HP: 18/24 MP: 2/2
   799 | D:1      | Gained mutation: You regenerate a little health from kills.
                  | [demonic ancestry]
   799 | D:1      | Reached XP level 3. HP: 29/30 MP: 3/3
  1129 | D:2      | Reached ** piety under Trog
  1221 | D:2      | Found a faded altar of an unknown god.
  1364 | D:2      | Found a sparkling altar of Nemelex Xobeh.
  1441 | D:2      | Found a shimmering altar of Xom.
  1441 | D:2      | Found a shimmering altar of Xom.
  1442 | D:2      | Found a shimmering altar of Xom.
  1442 | D:2      | Found a shimmering altar of Xom.
  1442 | D:2      | Found a shimmering altar of Xom.
  1442 | D:2      | Found a shimmering altar of Xom.
  1443 | D:2      | Found a shimmering altar of Xom.
  1526 | D:2      | Reached XP level 4. HP: 35/38 MP: 4/4
  1784 | D:3      | Reached skill level 5 in Fighting
  1901 | D:3      | Noticed Grinder
  1922 | D:3      | Killed Grinder
  1922 | D:3      | Reached XP level 5. HP: 5/47 MP: 5/5
  1922 | D:3      | Reached XP level 6. HP: 6/53 MP: 6/6
  2342 | D:3      | Found a bloodstained altar of Trog.
  2513 | D:3      | Reached *** piety under Trog
  3830 | D:4      | Gained mutation: You regenerate health from kills. [demonic
                  | ancestry]
  3830 | D:4      | Reached XP level 7. HP: 62/62 MP: 7/7
  4354 | D:5      | Entered Level 5 of the Dungeon
  4539 | D:5      | Reached skill level 3 in Axes
  4560 | D:5      | Found a staircase to the Ecumenical Temple.
  4802 | D:5      | Noticed Prince Ribbit
  5185 | D:5      | Noticed Sigmund
  5463 | D:5      | Reached skill level 4 in Axes
  5514 | D:5      | Killed Sigmund
  5514 | D:5      | Reached XP level 8. HP: 68/68 MP: 8/8
  5931 | D:5      | Found a blossoming altar of Fedhas.
  5968 | D:5      | Found Cani's Antique Armour Emporium.
  6158 | D:6      | Reached skill level 5 in Axes
  6166 | D:6      | Reached **** piety under Trog
  6175 | D:6      | Found an opulent altar of Gozag.
  6306 | D:6      | Reached skill level 5 in Armour
  6361 | D:6      | Found Yxesog's Gadget Shoppe.
  6530 | D:6      | Reached skill level 6 in Axes
  6863 | D:6      | HP: 1/68 [orc warrior/+0 battleaxe (9)]
  7256 | D:6      | Gained mutation: You are partially covered in yellow
                  | scales. (AC +2) [demonic ancestry]
  7256 | D:6      | Reached XP level 9. HP: 55/74 MP: 9/9
  7638 | D:7      | Found a broken altar of Ashenzari.
  7653 | D:7      | Reached skill level 7 in Axes
  8275 | D:7      | Reached skill level 1 in Shields
  8499 | D:8      | Reached ***** piety under Trog
  8510 | D:8      | Reached skill level 8 in Axes
  9052 | D:8      | Found Tufiziol's Antique Weapon Emporium.
  9163 | D:8      | Noticed a brown ugly thing
  9174 | D:8      | Killed a brown ugly thing
  9174 | D:8      | Reached XP level 10. HP: 80/80 MP: 10/10
  9214 | D:8      | Found a stormy altar of Qazlal.
  9214 | D:8      | Found a white marble altar of Elyvilon.
  9219 | D:8      | Found an ornate altar of the Wu Jian Council.
  9221 | D:8      | Found a faded altar of an unknown god.
  9245 | D:8      | Found a hazy altar of Hepliaklqana.
  9447 | D:9      | Noticed Erolcha
  9463 | D:9      | Killed Erolcha
  9463 | D:9      | Reached skill level 9 in Axes
  9466 | D:9      | Noticed Harold
  9509 | D:8      | Killed Harold
  9509 | D:8      | Reached skill level 5 in Shields
  9702 | D:9      | Received a gift from Trog
  9959 | D:9      | Noticed Maurice
 10075 | D:9      | Killed Maurice
 10078 | D:9      | Reached skill level 10 in Axes
 10336 | D:9      | Noticed Joseph
 10347 | D:9      | Killed Joseph
 10347 | D:9      | Reached XP level 11. HP: 86/86 MP: 11/11
 10432 | D:9      | Found Salin's Antique Weapon Shoppe.
 10479 | D:9      | Found a sacrificial altar of Ru.
 10484 | D:9      | Found a basalt altar of Yredelemnul.
 10485 | D:9      | Found a burning altar of Makhleb.
 10607 | D:9      | Noticed a two-headed ogre
 10620 | D:9      | Killed a two-headed ogre
 10715 | D:10     | Entered Level 10 of the Dungeon
 10907 | D:10     | Noticed Maggie
 10908 | D:10     | Found a glowing golden altar of the Shining One.
 10920 | D:10     | Killed Maggie
 10930 | D:10     | Noticed a two-headed ogre
 10946 | D:10     | Killed a two-headed ogre
 11082 | D:10     | Found a staircase to the Orcish Mines.
 11247 | D:10     | Found a staircase to the Lair.
 11646 | D:11     | Reached skill level 11 in Axes
 11881 | D:11     | Noticed a necromancer
 11903 | D:11     | Killed a necromancer
 12452 | D:11     | You fall into a shaft and drop 3 floors!
 12606 | D:14     | Noticed a yaktaur captain
 12628 | D:14     | Killed a yaktaur captain
 12665 | D:14     | Noticed a lich
 12668 | D:14     | Noticed a lich
 12851 | D:14     | HP: 3/86 [orc warrior/+0 flail (11)]
 13181 | D:13     | Noticed a five-headed hydra
 13187 | D:13     | Killed an unseen horror
 13191 | D:13     | Killed a five-headed hydra
 13191 | D:13     | Reached skill level 12 in Axes
 13191 | D:13     | Gained mutation: You are mostly covered in yellow scales.
                  | (AC +3) [demonic ancestry]
 13191 | D:13     | Reached XP level 12. HP: 92/92 MP: 12/12
 13356 | D:13     | Received a gift from Trog
 13381 | D:13     | Noticed a two-headed ogre
 13395 | D:13     | Killed a two-headed ogre
 13548 | D:12     | Reached skill level 10 in Shields
 14265 | D:12     | Found a broken altar of Ashenzari.
 14917 | D:13     | Noticed a two-headed ogre
 14924 | D:13     | Killed a two-headed ogre
 14999 | D:13     | Noticed a centaur warrior
 15013 | D:13     | Killed a centaur warrior
 15013 | D:13     | Reached skill level 13 in Axes
 15297 | D:13     | You fall into a shaft and drop 1 floor!
 15371 | D:14     | Received a gift from Trog
 15634 | D:14     | Got a dazzling broad axe {god gift}
 15635 | D:14     | Identified the +1 broad axe "Inaanob" {vorpal, Str+2 SInv}
                  | (Trog gifted it to you on level 14 of the Dungeon)
 15684 | D:14     | Found a portal to a secret trove of treasure.
 16163 | D:14     | Noticed an ironheart preserver
 16200 | D:14     | Killed an ironheart preserver
 16355 | D:14     | Found a gate to the Vaults.
 16358 | D:14     | Reached XP level 13. HP: 98/98 MP: 13/13
 16391 | D:14     | Killed a lich
 16535 | D:14     | Identified the amulet of Existentialism {Regen+ Stlth+}
 16535 | D:14     | Noticed a deep elf annihilator
 17140 | D:14     | Killed a lich
 17192 | D:14     | Identified the +10 scimitar "Louxzing" {vorpal, rF+ rC+ MR-
                  | Dex+2}
 17358 | Lair:1   | Entered Level 1 of the Lair of Beasts
 17411 | Lair:1   | Reached skill level 14 in Axes
 17453 | Lair:1   | Found a frozen archway.
 17462 | IceCv    | Entered an ice cave
 17827 | IceCv    | Found the macabre finger necklace {rN+}
 17967 | IceCv    | Got a serpentine brass ring
 18172 | Lair:1   | Received a gift from Trog
 19373 | Lair:2   | Identified the ring of Cofesug {Wiz Dex+4} (You found it in
                  | an ice cave)
 20153 | Lair:3   | Reached XP level 14. HP: 95/105 MP: 14/14
 20160 | Lair:3   | Reached skill level 15 in Axes
 20198 | Lair:3   | Received a gift from Trog
 20432 | Lair:3   | Found a staircase to the Snake Pit.
 21115 | Lair:4   | Found a staircase to the Shoals.
 22291 | Lair:5   | Found a runed translucent gate.
 22291 | Lair:5   | Found a runed translucent gate.
 22291 | Lair:5   | Found a runed translucent gate.
 22291 | Lair:5   | Noticed Bodu's ghost (journeyman NaFi)
 22321 | Lair:5   | Found a staircase to the Slime Pits.
 22333 | Lair:5   | Found a viscous altar of Jiyva.
 22699 | Lair:5   | Noticed Urug
 22715 | Lair:5   | Killed Urug
 23062 | Lair:5   | Noticed Rupert
 23064 | Lair:5   | Paralysed by Rupert for 7 turns
 23084 | Lair:5   | Killed Rupert
 23445 | Lair:6   | Entered Level 6 of the Lair of Beasts
 23470 | Lair:6   | Received a gift from Trog
 23470 | Lair:6   | Reached ****** piety under Trog
 23472 | Lair:6   | Reached skill level 16 in Axes
 23892 | Lair:6   | Got a polished broad axe
 23893 | Lair:6   | Identified the cursed +1 broad axe of the Known World
                  | {flame, Fragile rPois Int+3} (You found it on level 6 of
                  | the Lair of Beasts)
 25030 | Lair:6   | Gained mutation: You have sharp toenails. [demonic
                  | ancestry]
 25030 | Lair:6   | Reached XP level 15. HP: 101/110 MP: 15/15
 25208 | Orc:1    | Entered Level 1 of the Orcish Mines
 25530 | D:14     | Found a sacrificial altar of Ru.
 25592 | D:14     | Reached skill level 15 in Shields
 25727 | D:14     | Noticed a storm dragon
 25728 | D:14     | Noticed a storm dragon
 25738 | D:14     | Killed a storm dragon
 25749 | D:14     | Killed a storm dragon
 26524 | D:15     | Entered Level 15 of the Dungeon
 26524 | D:15     | Noticed Nessos
 26533 | D:15     | Killed Nessos
 26677 | D:15     | Received a gift from Trog
 26919 | D:15     | Noticed Louise
 26929 | D:15     | Killed Louise
 27472 | D:15     | Found a staircase to the Depths.
 27833 | Orc:1    | Reached skill level 17 in Axes
 27853 | Orc:1    | Received a gift from Trog
 27943 | Orc:1    | Reached skill level 1 in Evocations
 28099 | Orc:2    | Entered Level 2 of the Orcish Mines
 28261 | Orc:2    | Found a staircase to the Elven Halls.
 28312 | Orc:2    | Noticed an orc warlord
 28340 | Orc:2    | Killed an orc warlord
 28709 | Orc:2    | Found Linkost's General Store.
 28722 | Orc:2    | Found Teischikh's Distillery.
 28806 | Orc:2    | Bought a potion of curing for 30 gold pieces
 28810 | Orc:2    | Bought a scroll of identify for 20 gold pieces
 29040 | Orc:2    | Received a gift from Trog
 29090 | Orc:2    | Found Egeso's Antique Weapon Emporium.
 29090 | Orc:2    | Found Lus Bikk's Gadget Shoppe.
 29090 | Orc:2    | Found a one-way gate leading to the halls of Pandemonium.
 29097 | Orc:2    | Gained mutation: You are immune to clouds of flame.
                  | [demonic ancestry]
 29097 | Orc:2    | Reached XP level 16. HP: 102/120 MP: 16/16
 29788 | Snake:1  | Entered Level 1 of the Snake Pit
 29849 | Snake:1  | Found a flickering gateway to a bazaar.
 29865 | Bazaar   | Entered a bazaar
 29876 | Bazaar   | Found Ischowni's Antique Armour Shoppe.
 29901 | Bazaar   | Found Hotithoru's General Store.
 29911 | Bazaar   | Found Piof's Armour Shoppe.
 29929 | Bazaar   | Found Qiunazxi's Magic Scroll Emporium.
 29937 | Bazaar   | Bought a scroll of identify for 26 gold pieces
 30059 | Bazaar   | Bought a blackened plate armour for 588 gold pieces
 30063 | Bazaar   | Identified the +7 plate armour of Offeh {Str+4 Stlth+} (You
                  | bought it in a shop in a bazaar)
 30084 | Bazaar   | Bought a scroll of enchant armour for 97 gold pieces
 30084 | Bazaar   | Bought a scroll of teleportation for 39 gold pieces
 30084 | Bazaar   | Bought a scroll of blinking for 97 gold pieces
 30084 | Bazaar   | Bought a scroll of blinking for 97 gold pieces
 30084 | Bazaar   | Bought a scroll of immolation for 45 gold pieces
 30151 | Snake:1  | Reached skill level 5 in Dodging
 30396 | Snake:1  | Found Naree's Jewellery Shoppe.
 30396 | Snake:1  | Found Wagrys's Gadget Shop.
 30397 | Snake:1  | Found Pygi Zaa's Gadget Shop.
 30406 | Snake:1  | Bought the ring of Ytzyhileb {+Fly Slay+4} for 578 gold
                  | pieces
 30729 | Snake:1  | Found an ancient bone altar of Kikubaaqudgha.
 31004 | Snake:1  | HP: 5/122 [salamander (6)]
 31508 | Snake:2  | Reached skill level 10 in Fighting
 31510 | Snake:2  | Received a gift from Trog
 31513 | Snake:2  | Got a bloodstained hand axe {god gift}
 31590 | Snake:2  | Reached skill level 5 in Evocations
 32416 | Snake:3  | Identified a scroll of acquirement
 32419 | Snake:3  | Acquired a +6 ring of strength
 32992 | Snake:3  | Noticed Aizul
 33146 | Snake:3  | Killed Aizul
 33269 | Snake:3  | Found an opulent altar of Gozag.
 33412 | Snake:3  | Received a gift from Trog
 33456 | Snake:3  | Noticed Vashnia
 33475 | Snake:3  | Killed Vashnia
 33475 | Snake:3  | Gained mutation: You have razor-sharp toenails. [demonic
                  | ancestry]
 33475 | Snake:3  | Reached XP level 17. HP: 63/130 MP: 17/17
 33486 | Snake:3  | Reached skill level 10 in Armour
 33760 | Snake:4  | Entered Level 4 of the Snake Pit
 33760 | Snake:4  | Found a transporter.
 34136 | Snake:4  | Found a transporter.
 34145 | Snake:4  | Noticed Mukuu's ghost (adept GnIE)
 34643 | Snake:4  | Received a gift from Trog
 34689 | Snake:4  | Reached skill level 18 in Axes
 35274 | Snake:4  | HP: 9/198 [nagaraja/+0 halberd (2)]
 35278 | Snake:4  | HP: 2/198 [nagaraja/+0 halberd (3)]
 35278 | Snake:4  | Slain by a nagaraja

Illustrated notes

Levels and vault maps discovered:
D:1:      lemuel_arrival_tunnels, layout_loops_ring, chequers_avenue
D:2:      layout_basic, xom_redecorated, nemelex_xobeh_ov_fountains_minmay,
          chequers_ecumenical_altar_simple
D:3:      layout_basic, bloody_trog, uniq_grinder
D:4:      layout_gridville
D:5:      layout_rooms, temple_hall, serial_shops, shop,
          chequers_serial_rivers_micro_e, minmay_strange_pillars,
          fedhas_altar_1, uniq_sigmund, uniq_prince_ribbit1
D:6:      layout_rooms, grunt_gozag_breadcrumbs, serial_shops,
          nicolae_shop_trees
D:7:      kennysheep_big_flooded_room, layout_cave_pools, basic_altar,
          chequers_serial_rivers_small_a
D:8:      layout_loops_ring, chequers_temple_overflow_minitemple, serial_shops,
          shop
D:9:      layout_rooms, minitemple, serial_shops, shop, uniq_harold,
          uniq_joseph, uniq_maurice, uniq_erolcha
D:10:     layout_irregular_city, lair_entry_dummy, orc_0_dummy, basic_altar,
          uniq_maggie
D:11:     layout_cave_pods, eino_house_with_fridge
D:12:     layout_loops_cross, evilmike_ruin_ashenzari
D:13:     layout_basic
D:14:     minmay_the_grid_3x2 [minmay_the_grid_armoury,
          minmay_the_grid_broken_lines, minmay_the_grid_tri_star,
          minmay_the_grid_plusring, minmay_the_grid_embedded,
          minmay_the_grid_prize_diamond_cup], layout_loops_corners,
          skrybe_vaults_entry_preservation, bh_walls_and_bars,
          trove_entry_hex_spiral, nicolae_ru_path_of_blood
D:15:     gammafunk_enter_depths_forms, layout_long_grid,
          grunt_decor_one_mirror, uniq_louise, uniq_nessos
Lair:1:   lemuel_slime, layout_chaotic_city, portal_ice_cave_entry_pillars_1,
          lemuel_fruit_tree
Lair:2:   layout_gridlike, nicolae_quartered_pool_medium, wad_woods_antlair
Lair:3:   layout_small_grid, guppyfry_snake_entry_island
Lair:4:   layout_gridlike, minmay_shoals_entry_hut, special_room
          [special_room_bee], minivault_19, infiniplex_staircase_pool,
          grunt_megastairs_5, minmay_lair_oklob_chamber
Lair:5:   layout_hall_layers, slime_altar_1, ebering_ghost_rock_garden,
          kennysheep_catoblepas_arena, uniq_urug, uniq_rupert
Lair:6:   due_jungle_book, layout_layer_cave, eino_small_chamber_without_monster
Snake:1:  layout_onion_interference, basic_altar, serial_shops, bzr_entry_islet,
          minmay_shop_grove
Snake:2:  layout_rooms, serial_bayou_shore_b
Snake:3:  nicolae_aizul_guard, layout_gridlike, basic_altar, grunt_megastairs_1,
          uniq_vashnia
Snake:4:  snake_pit, layout_layer_cave, gammafunk_ghost_berserking_beasts,
          serial_bayou_shore_a
Orc:1:    layout_diamond_mine
Orc:2:    pf_orc_diabolical, layout_caves

Skill      XL: |  1  2  3  4  5  6  7  8  9 10 11 12 13 14 15 16 17 |
---------------+----------------------------------------------------+-----
Fighting       | 4 6 8 9 10 11 | 11.6
Armour         | 3 6 7 8 9 10 | 10.4
Axes           | 4 6 8 10 12 13 14 16 17 18 | 18.1
Shields        | 3 6 9 11 13 14 15 | 15.0
Dodging        | 4 6 8 |  8.1
Evocations     | 3 6 8 |  8.0

Action                   |  1- 3 |  4- 6 |  7- 9 | 10-12 | 13-15 | 16-18 || total
-------------------------+-------+-------+-------+-------+-------+-------++-------
Melee: Hand axe          |   142 |   126 |   164 |       |       |       ||   432
       Whip              |       |       |   354 |  1078 |   125 |       ||  1557
       War axe           |       |       |     5 |       |       |       ||     5
       Unarmed           |       |       |       |    10 |       |       ||    10
       Morningstar       |       |       |       |     9 |    14 |       ||    23
       Broad axe         |       |       |       |       |  1188 |   737 ||  1925
Invok: Berserk           |     3 |     4 |    14 |    28 |    23 |     9 ||    81
       Trog's Hand       |       |     1 |     1 |     3 |     1 |     3 ||     9
Evoke: Wand              |       |       |       |    11 |     9 |       ||    20
  Use: Potion            |       |     1 |     1 |     1 |     1 |     1 ||     5
       Scroll            |       |       |       |    14 |    22 |     8 ||    44
 Stab: Sleeping          |     2 |       |       |       |       |       ||     2
       Petrified         |       |       |       |       |     4 |       ||     4
Armor: Animal skin       |     4 |       |       |       |       |       ||     4
       Leather armour    |    30 |     6 |       |       |       |       ||    36
       Ring mail         |       |    45 |   111 |       |       |       ||   156
       Plate armour      |       |       |   189 |    28 |       |       ||   217
       Chain mail        |       |       |       |   379 |   602 |     3 ||   984
       Skin              |       |       |       |     2 |       |       ||     2
       Acid dragon scale |       |       |       |       |     3 |       ||     3
       Storm dragon scal |       |       |       |       |       |   278 ||   278
Dodge: Dodged            |   115 |    79 |   305 |   209 |   357 |   232 ||  1297
Block: Kite shield       |       |       |     4 |   474 |   845 |   512 ||  1835

Table legend: (Time is in decaauts)
 A = Elapsed time spent in this place.
 B = Non-inter-level travel time spent in this place.
 C = Inter-level travel time spent in this place.
 D = Time resting spent in this place.
 E = Time spent auto-exploring this place.
 F = Levels seen in this place.
 G = Mean time per level.
                   A        B        C        D        E       F      G
               +--------+--------+--------+--------+--------+-----+--------+
         Total |  35320 |  33823 |   1497 |   6403 |  19722 |  29 | 1217.9 |
       Dungeon |  20223 |  19280 |    943 |   4011 |  11081 |  15 | 1348.2 |
          Lair |   7288 |   6973 |    315 |   1137 |   4431 |   6 | 1214.7 |
     Snake Pit |   5134 |   5033 |    101 |    951 |   2859 |   4 | 1283.5 |
  Orcish Mines |   1867 |   1731 |    136 |    143 |   1000 |   2 |  933.5 |
        Bazaar |    237 |    237 |      0 |      0 |    162 |   1 |  237.0 |
      Ice Cave |    568 |    568 |      0 |    160 |    188 |   1 |  568.0 |
               +--------+--------+--------+--------+--------+-----+--------+

Top non-repeatable levels by time:
    D:14: 3725 daAuts
     D:4: 1725 daAuts
     D:3: 1599 daAuts
  Lair:6: 1552 daAuts
 Snake:1: 1453 daAuts
 Snake:4: 1445 daAuts
  Lair:4: 1411 daAuts
   Orc:2: 1328 daAuts
     D:8: 1310 daAuts
     D:6: 1303 daAuts
  Lair:2: 1282 daAuts
  Lair:5: 1261 daAuts
    D:11: 1258 daAuts
    D:13: 1254 daAuts
     D:5: 1238 daAuts
